 Dungeon Crawl Stone Soup version 0.22-a0-858-g985ef60 (webtiles) character file.

214 inc the Conjurer (level 5, 0/45 HPs)
             Began as an Ogre Wizard on July 27, 2018.
             Slain by an orc wizard
             ... wielding a +0 dagger
              (1 damage)
             ... on level 3 of the Dungeon.
             The game lasted 00:08:22 (4802 turns).

inc the Conjurer (Ogre Wizard)                      Turns: 4802, Time: 00:08:22

Health: 0/45       AC:  3    Str:  9 (12) XL:     5   Next: 91%
Magic:  10/10      EV:  9    Int: 16 (19) God:
Gold:   97         SH:  0    Dex:  5 (7)  Spells: 2/11 levels left

rFire    . . .     SeeInvis .   c - +0 short sword
rCold    . . .     Gourm    .   (no shield)
rNeg     . . .     Faith    .   a - +0 robe
rPois    .         Spirit   .   b - +0 hat
rElec    .         Reflect  .   (no cloak)
rCorr    .         Harm     .   (gloves unavailable)
MR       .....                  (boots unavailable)
Stlth    +.........             (no amulet)
HPRegen  0.15/turn              (no ring)
MPRegen  0.12/turn              (no ring)

@: lethally poisoned (0 -> -3), starving
A: large, unfitting armour, tough skin 1
a: no special abilities


You were on level 3 of the Dungeon.
You were starving.

You visited 1 branch of the dungeon, and saw 4 of its levels.

You collected 97 gold pieces.

Inventory:

Hand Weapons
 c - a +0 short sword (weapon)
 o - a +0 blowgun
Missiles
 p - 2 curare-tipped needles
Armour
 a - a +0 robe (worn)
 b - a +0 hat (worn)
Scrolls
 e - a scroll of enchant armour {unknown}
 f - a scroll of enchant weapon {unknown}
 g - 5 scrolls of identify
 j - a scroll of remove curse
 m - a scroll of fog {unknown}
 q - a scroll of magic mapping
Potions
 l - a potion of flight
Comestibles
 d - 4 rations


   Skills:
 - Level 1.7 Dodging
 - Level 1.4 Stealth
 - Level 3.6 Spellcasting
 + Level 5.1 Conjurations
   Level 0.8 Summonings
 - Level 0.8 Translocations


You had 2 spell levels left.
You knew the following spells:

 Your Spells              Type           Power        Failure   Level  Hunger
a - Magic Dart            Conj           ###.         2%          1    None
b - Conjure Flame         Conj/Fire      ##......     19%         3    ###....
c - Mephitic Cloud        Conj/Pois/Air  #.......     26%         3    ###....
d - Blink                 Tloc           N/A          19%         2    ##.....

Your spell library contained the following spells:

 Spells                   Type           Power        Failure   Level  Hunger
 Slow                     Hex            #.......     26%         2    ##.....
 Call Imp                 Summ           #.......     19%         2    ##.....


Dungeon Overview and Level Annotations

Branches:
Dungeon (4/15)
 Temple: D:4-7

Altars:

Annotations:
D:3 Ijyb


Innate Abilities, Weirdness & Mutations

You are too large for most types of armour.
You have tough skin. (AC +1)


Message History

You feel sick.
As you read the scroll labeled BECAEF LINE, it crumbles to dust.
You feel blessed for a moment.
It was a scroll of remove curse.
The orc wizard hits you with a dagger.
* * * LOW HITPOINT WARNING * * *
As you read the scroll labeled WEHESHR YHUTAKH, it crumbles to dust.
You feel aware of your surroundings.
It was a scroll of magic mapping.
You feel sick. The orc wizard hits you with a dagger.
* * * LOW HITPOINT WARNING * * *
The orc wizard closely misses you.
Unknown command.
Sorry, you're not good enough to have a special ability.
Unknown command.
Okay, then.
You barely miss the orc wizard.
The orc wizard hits you but does no damage.
You hit the orc wizard but do no damage.
* * * LOW HITPOINT WARNING * * *
You feel sick. The orc wizard hits you with a dagger.
You die...

,,,,,,,,* *,*
,,,,,,,,* *,*
,,,,,,,,* *,*
,,,,,,,,* *,*
,,,,,,,,* *,********
,,,.,..,* *,,,,,,,,*
,,*#.#..* ********,*
,.##.#..###########.#
....g........gKo@?..#
..#.#...####.######.#
...........#(# *,*
.......o.K.'(# *,*
..##.....(.#.# *,*
.###....(..#.# *,*
.......(.###.# *,*
.#.#..##(# #.# *,*
......##.# #.#*****,*


You could see an orc wizard, a goblin and a kobold.

Vanquished Creatures
  A hound (D:4)
  An orc priest (D:2)
  Terence (D:3)
  3 adders (D:2)
  2 gnolls (D:4)
  A worm (D:2)
  A dart slug (D:1)
  A leopard gecko (D:3)
  8 orcs
  3 ball pythons
  4 bats
  A giant cockroach (D:3)
  9 goblins
  6 hobgoblins
  10 jackals
  4 kobolds
  3 quokkas
  A frilled lizard (D:3)
  A leopard gecko zombie (D:2)
  8 rats
69 creatures vanquished.

Notes
Turn   | Place    | Note
-------+----------+-------------------------------------------
     0 | D:1      | inc the Ogre Wizard began the quest for the Orb.
     0 | D:1      | Reached XP level 1. HP: 16/16 MP: 5/5
    41 | D:1      | Reached skill level 1 in Conjurations
   300 | D:1      | Reached XP level 2. HP: 19/24 MP: 0/6
   386 | D:1      | Reached skill level 2 in Conjurations
  1528 | D:2      | Reached XP level 3. HP: 31/31 MP: 2/8
  1862 | D:2      | Reached skill level 3 in Conjurations
  2045 | D:2      | Reached XP level 4. HP: 39/39 MP: 2/9
  2717 | D:2      | Reached skill level 4 in Conjurations
  3204 | D:3      | Noticed Terence
  3289 | D:3      | Reached XP level 5. HP: 42/45 MP: 2/10
  3767 | D:2      | Learned a level 3 spell: Conjure Flame
  3771 | D:2      | Learned a level 3 spell: Mephitic Cloud
  3774 | D:2      | Learned a level 2 spell: Blink
  4147 | D:3      | Killed Terence
  4300 | D:3      | Noticed Ijyb
  4473 | D:4      | Reached skill level 5 in Conjurations
  4517 | D:3      | HP: 1/45 [disintegration (10)]
  4800 | D:3      | HP: 2/45 [orc wizard/dagger (4)]
  4802 | D:3      | Slain by an orc wizard

Vault maps used:
D:1:      onia_arrival_mini_maze_b
D:2:      first_ration
D:3:      gammafunk_ghost_grave, uniq_grinder, uniq_robin, uniq_ijyb,
          uniq_terence
D:4:      serial_shops, shop, kennysheep_generic_room_6

Skill      XL: |  1  2  3  4  5 |
---------------+----------------+-----
Conjurations   | 1 2 3 4 5 |  5.1
Dodging        | |  1.7
Stealth        | |  1.4
Spellcasting   | |  3.6
Summonings     | |  0.8
Translocations | |  0.8

Action                   |  1- 3 |  4- 6 || total
-------------------------+-------+-------++-------
Melee: Short sword       |    14 |    94 ||   108
 Cast: Magic Dart        |    73 |   129 ||   202
       Mephitic Cloud    |       |     5 ||     5
       Conjure Flame     |       |     1 ||     1
  Use: Potion            |     2 |     7 ||     9
       Scroll            |       |     3 ||     3
 Stab: Confused          |       |     1 ||     1
  Eat: Chunk             |     3 |     4 ||     7
       Ration            |       |     1 ||     1
Armor: Robe              |    47 |    22 ||    69
Dodge: Dodged            |    75 |    76 ||   151

Table legend:
 A = Spawn XP
 B = Non-spawn XP
 C = Spawn XP percentage of total XP
 D = Spawn monster count
 E = Non-spawn monster count
 F = Spawn count percentage of total count
 G = Total turns spent on level
                    A         B        C        D         E        F      G
               +---------+---------+-------+---------+---------+-------+---------
         Total |       0 |     306 |   0.0 |       0 |      69 |   0.0 |  4802
               +---------+---------+-------+---------+---------+-------+---------
           D:1 |       0 |      33 |   0.0 |       0 |      18 |   0.0 |  1524
           D:2 |       0 |     124 |   0.0 |       0 |      24 |   0.0 |  2407
           D:3 |       0 |      77 |   0.0 |       0 |      23 |   0.0 |   662
           D:4 |       0 |      72 |   0.0 |       0 |       4 |   0.0 |   209
               +---------+---------+-------+---------+---------+-------+---------
